 Dungeon Crawl Stone Soup version 0.30-a0-373-gd37427b (webtiles) character file.

Game seed: 2797139845183950925

5134 Dorkslayer the Carver (level 10, -2/115 HPs)
             Began as a Merfolk Fighter on Nov 24, 2022.
             Slain by a spriggan
             ... wielding the +12 spear "Minihygi" {flame, Str+4}
              (13 damage)
             ... on level 8 of the Dungeon.
             The game lasted 00:32:27 (7435 turns).

Dorkslayer the Carver (Merfolk Fighter)             Turns: 7435, Time: 00:32:27

Health: -2/115     AC: 36    Str: 20    XL:     10   Next: 58%
Magic:  10/10      EV:  2    Int:  9    God:
Gold:   408        SH: 10    Dex: 13    Spells: 9/9 levels left

rFire   + . .      SeeInvis .    l - +2 long sword (protect)
rCold   + . .      Faith    .    c - +0 buckler
rNeg    . . .      Spirit   .    (body armour currently unavailable)
rPois   +          Reflect  +    (helmet currently unavailable)
rElec   +          Harm     .    (cloak currently unavailable)
rCorr   +          Rampage  .    (gloves currently unavailable)
Will    .....      NoTele   +    (boots currently unavailable)
Stlth   +.........               i - amulet of reflection
HPRegen 0.39/turn                e - ring of poison resistance
MPRegen 0.12/turn                o - +4 ring of protection

@: tree-form (expiring), resistant, under a protective aura, attractive, hasted,
studying Staves, invisible, very quick
A: stationary, stasis, torment immunity, boosted hp, (nimble swimmer 2),
(mertail)
a: no special abilities


You were on level 8 of the Dungeon.
You were a tree.
You visited 2 branches of the dungeon, and saw 9 of its levels.
You also visited: Sewer and Bailey.

You collected 408 gold pieces.

Inventory:

Hand Weapons
 a - a +1 trident
 l - a +2 long sword of protection (weapon)
Missiles
 k - 8 boomerangs (quivered)
 w - 4 silver boomerangs
Armour
 c - a +0 buckler (worn)
 j - a +2 pair of boots (melded)
 r - a +2 scale mail of willpower (melded)
 x - a +0 helmet (melded)
Jewellery
 e - a ring of poison resistance (left branch)
 i - an amulet of reflection (around neck)
 n - a ring of resist corrosion
 o - a +4 ring of protection (right branch)
 p - a ring of see invisible
 u - an amulet of regeneration
 v - a ring of flight
Wands
 C - a wand of flame (2)
Scrolls
 g - 4 scrolls of teleportation
 m - a scroll of blinking
 q - 2 scrolls of amnesia
 t - a scroll of magic mapping {unknown}
 y - a scroll of butterflies
Potions
 b - a potion of attraction
 h - a potion of mutation


   Skills:
 + Level 6.4 Fighting
 + Level 11.1 Long Blades
 + Level 3.6 Polearms
 + Level 2.6 Throwing
 + Level 4.3 Armour
 + Level 4.7 Dodging
 + Level 0.2 Stealth
 + Level 6.0 Shields
 * Level 6.4 Evocations


You had 9 spell levels left.
You didn't know any spells.
Your spell library contained the following spells:

 Spells                   Type           Power      Damage    Failure   Level
 Kiss of Death            Conj/Necr      0%         2d5       45%         1
 Shock                    Conj/Air       0%         1d3       45%         1
 Blink                    Tloc           0%         N/A       61%         2
 Momentum Strike          Conj/Tloc      0%         3d8       61%         2
 Confusing Touch          Hex            0%         N/A       83%         3
 Lesser Beckoning         Tloc           0%         N/A       83%         3
 Ozocubu's Armour         Ice            0%         N/A       83%         3
 Swiftness                Air            0%         N/A       83%         3
 Airstrike                Air            0%         2d(0-16)  99%         4
 Dispel Undead            Necr           0%         3d6       99%         4
 Ozocubu's Refrigeration  Ice            0%         4d7       100%        7


Dungeon Overview and Level Annotations

Branches:
Dungeon (8/15)             Temple (1/1) D:5           Sewer (visited)
 Bailey (visited)
   Lair: D:8-11

Altars:
Ashenzari
Cheibriados
Dithmenos
Fedhas
Hepliaklqana
Kikubaaqudgha
Makhleb
Nemelex Xobeh
Okawaru
Qazlal
Ru
Sif Muna
Trog
Uskayaw
Vehumet
Wu Jian
Xom
Yredelemnul
Zin
The Shining One

Annotations:
D:8 nrm's ghost, journeyman BaAE


Innate Abilities, Weirdness & Mutations

You are a tree.
Your roots penetrate the ground, keeping you stationary.
You cannot be teleported.
You are immune to unholy pain and torment.
Your maximum health is greatly increased.
Your equipment is partially melded.
((You are very nimble when in or above water. (Stealth+, EV+, Speed+++)))
((Your lower body shifts to a powerful aquatic tail in water.))


Message History

Aim: a spriggan, wielding the +12 spear "Minihygi" {flame, Str+4} (48% to hit)
The puff of flame hits nrm's ghost.
Nrm's ghost is lightly damaged.
Nrm's ghost points at you and mumbles some strange words.
The zap hits you but does no damage.
The spriggan hits you from afar with the +12 spear "Minihygi" {flame, Str+4}.
* * * LOW HITPOINT WARNING * * *
Aiming: Throw Flame
Press: ? - help, Shift-Dir - straight line, f/p - spriggan
Aim: a spriggan, wielding the +12 spear "Minihygi" {flame, Str+4} (48% to hit)
The puff of flame hits nrm's ghost but does no damage.
Nrm's ghost is lightly damaged.
Unknown command.
Aiming: Throw Flame
Press: ? - help, Shift-Dir - straight line, f/p - spriggan
Aim: a spriggan, wielding the +12 spear "Minihygi" {flame, Str+4} (48% to hit)
The puff of flame hits nrm's ghost but does no damage.
Nrm's ghost is lightly damaged.
Your transformation is almost over.
Nrm's ghost hits you!
* * * LOW HITPOINT WARNING * * *
The spriggan hits you from afar with the +12 spear "Minihygi" {flame, Str+4}!
* * * LOW HITPOINT WARNING * * *
It was a potion of attraction.
You feel attractive to monsters.
Nrm's ghost hits you but does no damage.
The spriggan hits you from afar with the +12 spear "Minihygi" {flame, Str+4}.
* * * LOW HITPOINT WARNING * * *
It was a potion of magic.
Magic courses through your body. Nrm's ghost hits you.
* * * LOW HITPOINT WARNING * * *
It was a potion of invisibility.
You fade into invisibility!
You block the spriggan's attack.
You hit nrm's ghost but do no damage.
Your weapon exudes an aura of protection.
Nrm's ghost is lightly damaged.
Nrm's ghost hits you but does no damage.
The spriggan hits you from afar with the +12 spear "Minihygi" {flame, Str+4}!
You die...

####...#.....#########.##..##..##
#........## ♣♣♣♣#####.#.....
#.###....# .♣.♣ #...>...... ###
#..^.# ♣♣...♣♣#######.#.. #...##
♣♣(!...♣ ###.. #<.##♣♣♣.i♣♣..♣♣
### ##.# ♣...h♣i.♣.♣
#.##♣$###W###.♣ #..####8♣).8##
##...#.......# ###......####
########


You could see 2 spriggans, a wolf and nrm's ghost.

Vanquished Creatures
  A troll (D:7)
  A spriggan (D:8)
  A wraith (D:8)
  4 humans (Bailey)
  A steam dragon (D:5)
  Menkaure (D:6)
  Duvessa (D:5)
  2 sky beasts
  An orc warrior (D:6)
  4 black bears
  3 ice beasts (D:7)
  3 ogres
  2 centaurs
  2 phantoms (D:4)
  A necrophage (D:5)
  15 bullfrogs
  2 scorpions
  Dowan (D:5)
  A howler monkey (D:8)
  A vampire bat (D:4)
  6 electric eels
  2 jellies
  2 gnoll boudas
  3 hounds
  3 iguanas
  An orc priest (D:5)
  4 orc wizards (D:5)
  10 gnolls
  10 adders
  3 white imps (D:6)
  An ufetubus (D:5)
  A worm (D:2)
  4 dart slugs
  22 orcs
  5 endoplasms
  10 giant cockroaches
  13 goblins
  8 hobgoblins
  6 jackals
  3 kobolds
  8 quokkas
  9 ball pythons
  13 bats
  11 frilled lizards
  6 rats
212 creatures vanquished.

Vanquished Creatures (others)
  11 plants
11 creatures vanquished.

Grand Total: 223 creatures vanquished

Notes
Turn   | Place    | Note
-------+----------+-------------------------------------------
     0 | D:1      | Dorkslayer the Merfolk Fighter began the quest for the Orb.
     0 | D:1      | Reached XP level 1. HP: 18/18 MP: 1/1
   219 | D:1      | Reached XP level 2. HP: 19/24 MP: 2/2
   324 | D:1      | Reached skill level 1 in Dodging
   612 | D:2      | Reached XP level 3. HP: 29/29 MP: 3/3
   862 | D:2      | Reached XP level 4. HP: 37/37 MP: 4/4
   977 | D:2      | Reached skill level 1 in Long Blades
  1714 | D:3      | Reached skill level 2 in Long Blades
  1714 | D:3      | Reached XP level 5. HP: 42/42 MP: 5/5
  2090 | D:3      | Reached skill level 3 in Long Blades
  2090 | D:3      | Reached skill level 1 in Throwing
  2456 | D:4      | Found a transporter.
  2469 | D:4      | Reached XP level 6. HP: 41/48 MP: 6/6
  2526 | D:4      | Found a transporter.
  2558 | D:4      | Reached skill level 1 in Evocations
  2569 | D:4      | Reached skill level 4 in Long Blades
  2677 | D:4      | Reached XP level 7. HP: 45/54 MP: 7/7
  3174 | D:5      | Entered Level 5 of the Dungeon
  3233 | D:5      | Reached skill level 5 in Long Blades
  3383 | D:5      | Noticed Dowan
  3383 | D:5      | Noticed Duvessa
  3390 | D:5      | Reached skill level 6 in Long Blades
  3390 | D:5      | Reached XP level 8. HP: 32/61 MP: 8/8
  3398 | D:5      | Killed Duvessa
  3407 | D:5      | Killed Dowan
  3421 | D:5      | Found a staircase to the Ecumenical Temple.
  3471 | D:5      | Reached skill level 7 in Long Blades
  3573 | D:5      | Found a glowing drain.
  3590 | Sewer    | Entered a sewer
  4045 | D:5      | Found a basalt altar of Yredelemnul.
  4190 | D:5      | Reached skill level 5 in Fighting
  4338 | Temple   | Entered the Ecumenical Temple
  4520 | D:6      | Reached skill level 8 in Long Blades
  4520 | D:6      | Reached XP level 9. HP: 63/68 MP: 9/9
  4912 | D:6      | Noticed Menkaure
  4923 | D:6      | Killed Menkaure
  5389 | D:7      | Reached skill level 9 in Long Blades
  5389 | D:7      | Reached skill level 5 in Shields
  5481 | D:7      | Reached skill level 5 in Evocations
  5602 | D:7      | Noticed a two-headed ogre
  5605 | D:7      | Noticed a troll
  6086 | D:7      | Killed a troll
  6087 | D:7      | Reached skill level 10 in Long Blades
  6087 | D:7      | Reached XP level 10. HP: 64/76 MP: 10/10
  6282 | D:8      | Found a runed translucent door.
  6282 | D:8      | Noticed nrm's ghost (journeyman BaAE)
  6282 | D:8      | Identified the +12 spear "Minihygi" {flame, Str+4}
  6409 | D:8      | Found a flagged portal.
  6430 | Bailey   | Entered a bailey
  6660 | Bailey   | Reached skill level 11 in Long Blades
  6733 | Bailey   | Noticed Prince Ribbit
  6736 | Bailey   | Noticed a vault guard
  6774 | Bailey   | HP: 2/77 [vault guard/stone (8)]
  7435 | D:8      | Slain by a spriggan

Illustrated notes

Levels and vault maps discovered:
D:1:      nicolae_arrival_washed_ashore, layout_basic, chequers_jeans
D:2:      layout_loops_cross, minmay_misc_feat_more_columns,
          minmay_fractal_squares_5
D:3:      layout_basic, ebering_dispersal_statue_hall
D:4:      gammafunk_steamed_eel, layout_loops_corners, roderic_batcave,
          minmay_ruptured
D:5:      layout_loops_cross, lemuel_tele_altar,
          minmay_temple_entry_glassed_door, cheibrodos_sewer_entry_drain,
          minmay_misc_feat_square, uniq_duvessa
D:6:      layout_cave_pools, minmay_misc_feat_doors, uniq_menkaure
D:7:      layout_cave_pools, serial_column_ruins, column_ruins_columns_straight,
          column_ruins_columns_straight, column_ruins_open_small,
          column_ruins_columns_straight, column_ruins_open_small,
          serial_bayou_ford_a, minmay_manual_maat
D:8:      layout_basic, ebering_ghost_funeral_grove, enter_bailey_5
Temple:   nicolae_temple_bog_church

Skill      XL: |  1  2  3  4  5  6  7  8  9 10 |
---------------+-------------------------------+-----
Dodging        | 1 2 3 4 |  4.7
Polearms       | 3 |  3.6
Long Blades    | 2 3 4 6 8 10 11 | 11.1
Throwing       | 1 2 |  2.6
Fighting       | 4 5 6 |  6.4
Evocations     | 1 2 3 5 6 |  6.4
Armour         | 3 4 |  4.3
Shields        | 4 5 6 |  6.0
Stealth        | |  0.2

Action                   |  1- 3 |  4- 6 |  7- 9 | 10-12 || total
-------------------------+-------+-------+-------+-------++-------
Melee: Trident           |    81 |       |       |       ||    81
       Long sword        |     9 |   135 |   447 |   227 ||   818
       Tailslap          |       |       |     6 |     5 ||    11
Throw: Boomerang         |       |    18 |    28 |     6 ||    52
Evoke: Wand              |       |     4 |    15 |     7 ||    26
  Use: Scroll            |       |     4 |     9 |     4 ||    17
       Potion            |       |     2 |     6 |     8 ||    16
Armor: Scale mail        |    38 |    79 |   207 |    99 ||   423
       Skin              |       |       |    15 |    20 ||    35
Dodge: Dodged            |    37 |    73 |   209 |    76 ||   395
Block: Buckler           |    24 |    32 |   201 |   129 ||   386
       Reflection        |       |       |     4 |     3 ||     7

Table legend: (Time is in decaauts)
 A = Elapsed time spent in this place.
 B = Non-inter-level travel time spent in this place.
 C = Inter-level travel time spent in this place.
 D = Time resting spent in this place.
 E = Time spent auto-exploring this place.
 F = Levels seen in this place.
 G = Mean time per level.
                   A        B        C        D        E       F      G
               +--------+--------+--------+--------+--------+-----+--------+
         Total |   7414 |   7414 |      0 |    586 |   2586 |  11 |  674.0 |
       Dungeon |   6676 |   6676 |      0 |    504 |   2533 |   8 |  834.5 |
        Temple |    118 |    118 |      0 |      0 |      0 |   1 |  118.0 |
         Sewer |    275 |    275 |      0 |      0 |     52 |   1 |  275.0 |
        Bailey |    345 |    345 |      0 |     82 |      0 |   1 |  345.0 |
               +--------+--------+--------+--------+--------+-----+--------+

Top non-repeatable levels by time:
     D:4: 967 daAuts
     D:3: 904 daAuts
     D:5: 902 daAuts
     D:6: 882 daAuts
     D:8: 826 daAuts
     D:7: 820 daAuts
     D:2: 807 daAuts
     D:1: 563 daAuts
  Bailey: 345 daAuts
   Sewer: 275 daAuts
  Temple: 118 daAuts
